 Dungeon Crawl Stone Soup version 0.31.0-1-g2c135a0 (webtiles) character file.

Game seed: 14375850842921636481

130 mezmerelda the Sneak (level 4, -1/21 HPs)
             Began as a Spriggan Enchanter on Feb 11, 2024.
             Slain by Natasha (4 damage)
             ... on level 2 of the Dungeon on Feb 20, 2024.
             The game lasted 00:13:51 (1805 turns).

mezmerelda the Sneak (Spriggan Enchanter)           Turns: 1805, Time: 00:13:54

Health: -1/21      AC:  2    Str:  6    XL:     4   Next: 89%
Magic:  6/9        EV: 17    Int: 16    God:
Gold:   100        SH:  0    Dex: 15    Spells: 4/9 levels left

rFire   . . .        a - +1 dagger
rCold   . . .        (no shield)
rNeg    . . .        b - +0 robe
rPois   .            (helmet restricted)
rElec   .            (no cloak)
rCorr   .            (gloves unavailable)
SInv    +            (boots unavailable)
Will    .....        (no amulet)
Stlth   +++          (no ring)
HPRegen 0.23/turn    (no ring)
MPRegen 0.11/turn

%: no passive effects
@: slowed, quick
A: very small, no large weapons, unfitting armour, see invisible, speed 3
a: no special abilities


You were on level 2 of the Dungeon.
You visited 1 branch of the dungeon, and saw 2 of its levels.

You collected 100 gold pieces.

Inventory:

Hand Weapons
 a - a +1 dagger (weapon)
Armour
 b - a +0 robe (worn)
Scrolls
 e - a scroll of identify {unknown}
 g - a scroll of fog {unknown}
 j - a scroll of blinking {unknown}
Potions
 c - 2 potions of invisibility
 d - a potion of might {unknown}
 f - 2 potions of mutation {unknown}
 h - a potion of magic {unknown}
 i - 3 potions of curing {unknown}
 k - a potion of brilliance {unknown}


   Skills:
 + Level 4.5 Short Blades
 - Level 3.0 Dodging
 - Level 5.0 Stealth
 - Level 3.0 Spellcasting
 - Level 4.0 Hexes


You had 4 spell levels left.
You knew the following spells:

 Your Spells              Type           Power      Damage    Failure   Level
c - Confusing Touch       Hex            15%        N/A       11%         3
e - Ensorcelled Hibernat  Hex/Ice        16%        N/A       12%         2

Your spell library contained the following spells:

 Spells                   Type           Power      Damage    Failure   Level
 Tukima's Dance           Hex            15%        N/A       11%         3
 Dazzling Flash           Conj/Hex       16%        N/A       24%         3


Dungeon Overview and Level Annotations

Branches:
Dungeon (2/15)

Altars:

Annotations:
D:2 Natasha


Innate Abilities, Weirdness & Mutations

You are very small and have problems with some larger weapons.
You are too small for most types of armour.
You have supernaturally acute eyesight. (SInv)
You cover ground extremely quickly. (Speed+++)


Message History

Natasha resists with some effort.
Casting: Ensorcelled Hibernation (safe; 12% risk of failure)
Confirm with . or Enter, or press ? or * to list all spells.
Okay, then.
You hit Natasha.
Natasha is moderately wounded.
Natasha mumbles some strange words.
You hit Natasha but do no damage.
Natasha is moderately wounded.
Natasha closely misses you.
You hit Natasha.
Natasha is moderately wounded.
You hit Natasha.
Natasha is heavily wounded.
The cerulean imp hits you from afar with a +1 spear.
Natasha howls an incantation.
You feel disoriented. Natasha claws you.
You hit Natasha.
Natasha is severely wounded.
The cerulean imp closely misses you. Natasha casts a spell at you.
You easily resist.
You hit Natasha.
Natasha is severely wounded.
The cerulean imp closely misses you. Natasha claws you.
You hit Natasha. You punch Natasha, but do no damage.
Natasha is almost dead.
You hit Natasha.
Natasha is almost dead.
The cerulean imp hits you from afar with a +1 spear.
Natasha casts a spell at you.
You feel yourself slow down.
You closely miss Natasha.
Natasha is almost dead.
The cerulean imp hits you from afar with a +1 spear.
* * * LOW HITPOINT WARNING * * *
Natasha claws you.
You die...
Natasha curls up and begins to purr.

...#..............>..
..###.####.........#
.[##...............####
.###...#......#.......#
.##...##.##........#
..♣.♣.##.###.......#####
.....###.####..5.......#
.#♣.♣###.#.##.##h#####.#
.#.......#.##.##@# #.#
.#♣.♣##h.....†##.# #.#
.##.h......#####.# #.#
.#♣5♣#.##### #.#
#.####### ###.##.#
#.#####.##....# #.##.##
#.##....♣.♣#♣.♣
###.....#
#†##.##.......#
h.......#
#....###♣.....♣
#.#.....#####
#.............#


You could see Natasha and a cerulean imp (summoned).

Vanquished Creatures
  Natasha (twice) (D:2)
  Terence (D:2)
  An adder (D:2)
  A ball python (D:1)
  5 bats (D:1)
  4 endoplasms
  5 giant cockroaches
  4 hobgoblins
  3 kobolds
  3 quokkas
  3 frilled lizards
  7 goblins
  3 rats (D:1)
42 creatures vanquished.

Notes
Turn   | Place    | Note
-------+----------+-------------------------------------------
     0 | D:1      | mezmerelda the Spriggan Enchanter began the quest for the
                  | Orb.
     0 | D:1      | Reached XP level 1. HP: 9/9 MP: 5/5
   181 | D:1      | Reached XP level 2. HP: 13/13 MP: 6/6
   184 | D:1      | Learned a level 2 spell: Ensorcelled Hibernation
   719 | D:1      | Reached XP level 3. HP: 16/16 MP: 1/8
  1040 | D:2      | Learned a level 3 spell: Confusing Touch
  1055 | D:2      | Noticed Natasha
  1060 | D:2      | Killed Natasha
  1081 | D:2      | Reached skill level 5 in Stealth
  1147 | D:2      | Reached XP level 4. HP: 21/21 MP: 9/9
  1256 | D:2      | Noticed Terence
  1299 | D:2      | Killed Terence
  1352 | D:2      | Noticed Natasha
  1631 | D:2      | Killed Natasha
  1717 | D:2      | Noticed Natasha
  1805 | D:2      | Slain by Natasha

Illustrated notes

Levels and vault maps discovered:
D:1:      dpeg_arrival_oval, layout_basic, minmay_pentomino_t2
D:2:      layout_basic, serial_forest, infiniplex_forest_lined_room_2,
          infiniplex_forest_clump_tiny, infiniplex_forest_clump_long,
          infiniplex_forest_lined_2, infiniplex_forest_lined_corner,
          infiniplex_forest_end_3, infiniplex_forest_3_way,
          infiniplex_forest_clump_diagonal, uniq_terence, uniq_natasha

Skill      XL: |  1  2  3  4 |
---------------+-------------+-----
Short Blades   | 2 3 4 |  4.5
Dodging        | 3 |  3.0
Spellcasting   | 3 |  3.0
Hexes          | 4 |  4.0
Stealth        | 5 |  5.0

Action                     |  1- 3 |  4- 6 || total
---------------------------+-------+-------++-------
  Melee: Dagger            |   123 |    18 ||   141
         Punch             |       |     1 ||     1
   Cast: Ensorcelled Hiber |     8 |     8 ||    16
   Stab: Distracted        |     1 |       ||     1
         Sleeping          |    10 |     3 ||    13
 Armour: Robe              |    26 |     9 ||    35
  Dodge: Dodged            |    87 |     4 ||    91
